 Dungeon Crawl Stone Soup version 0.27-a0-448-gace5c5693b (webtiles) character file.

Game seed: 16563735237416572744

2832 rageheart7 the Martial Artist (level 9, -8/68 HPs)
             Began as a Demonspawn Wanderer on Feb 28, 2021.
             Was a Follower of Uskayaw.
             Shot with a bolt by an orc warrior (17 damage)
             ... in a bailey.
             The game lasted 00:16:06 (9150 turns).

rageheart7 the Martial Artist (Demonspawn Wanderer) Turns: 9150, Time: 00:16:07

Health: -8/68      AC: 10    Str: 20    XL:     9   Next: 45%
Magic:  0/10       EV:  5    Int: 14    God:    Uskayaw [*.....]
Gold:   344        SH:  0    Dex: 16    Spells: 10/10 levels left

rFire    . . .     SeeInvis .     - Unarmed
rCold    + . .     Faith    .   (no shield)
rNeg     . . .     Spirit   +   q - +0 plate armour
rPois    .         Reflect  .   (helmet restricted)
rElec    +         Harm     .   (no cloak)
rCorr    .         Rampage  .   (no gloves)
Will     .....                  (no boots)
Stlth    ..........             f - amulet of guardian spirit
HPRegen  0.21/turn              c - +6 ring of strength
MPRegen  0.12/turn              e - ring of protection from cold

@: no status effects
A: antennae 1, claws 2, hooves 1, agile 1, demonic guardian 2, electricity
resistance, no potion heal 1
a: Renounce Religion, Stomp


You were in a bailey.
You worshipped Uskayaw.
Uskayaw was noncommittal.
You visited 2 branches of the dungeon, and saw 8 of its levels.
You also visited: Bailey.

You collected 344 gold pieces.

Inventory:

Armour
 k - a +0 kite shield
 q - a +0 plate armour (worn)
Jewellery
 c - a +6 ring of strength (left claw)
 e - a ring of protection from cold (right claw)
 f - an amulet of guardian spirit (around neck)
Wands
 j - a wand of flame (16)
 t - a wand of iceblast (9)
Scrolls
 a - a scroll of immolation
 d - a scroll of enchant weapon
 i - 2 scrolls of teleportation
 m - a scroll of amnesia
 o - a scroll of fear
 p - 3 scrolls of fog
 v - a scroll of blinking
Potions
 g - 2 potions of brilliance
 h - a potion of ambrosia
 r - 2 potions of haste
Miscellaneous
 b - a tin of tremorstones (2/2)


   Skills:
 * Level 5.5 Fighting
 - Level 1.7 Long Blades
 * Level 10.6 Unarmed Combat
 - Level 1.2 Spellcasting
 - Level 1.7 Transmutations
 - Level 2.4 Poison Magic
 - Level 2.0 Evocations


You had 10 spell levels left.
You didn't know any spells.
Your spell library contained the following spells:

 Spells                   Type           Power        Failure   Level
 Sting                    Tmut/Pois      24%          99%         1
 Ignite Poison            Fire/Tmut/Pois 4%           100%        3


Dungeon Overview and Level Annotations

Branches:
Dungeon (7/15)             Temple (1/1) D:4          Bailey (1/1)

Altars:
Cheibriados
Dithmenos
Fedhas
Hepliaklqana
Kikubaaqudgha
Nemelex Xobeh
Okawaru
Qazlal
Ru
Trog
Uskayaw
Wu Jian
Xom
Yredelemnul
Zin
The Shining One

Annotations:
D:3 2 transporters
D:6 1 runed translucent door, HendSelp's ghost, novice GnFi


Innate Abilities, Weirdness & Mutations

You have a pair of small antennae on your head.
You have very sharp fingernails.
You have large cloven feet.
A demonic guardian rushes to your aid.
You are agile. (Dex +2)
You are resistant to electric shocks. (rElec)
Potions are less effective at restoring your health.


Message History

The orc warrior shouts! x3; You hear a shout! x4
Found two gates leading back out of this place.
There is an empty arch of ancient stone here.
It was a potion of curing.
Your system partially rejects the healing.
You feel better.
The orc warrior shoots a bolt.
The bolt hits you!!
A demonic guardian appears!
The orc knight roars a battlecry!
The orcs go into a battle-frenzy!
An orc warrior comes into view. It is wielding a +0 glaive.
The orc warrior shouts!
Found a gate leading back out of this place. 3 orc warriors come into view.
The orc warrior shouts! x2; You hear a shout!
Found a gate leading back out of this place. 2 orc warriors come into view.
The orc warrior shouts! x2
The orc warrior shoots a bolt.
The bolt hits your hellwing!!
The orc warrior shoots a bolt.
The bolt hits you!!
The orc warrior shoots a bolt.
The bolt hits your hellwing!
Your hellwing barely misses the orc warrior.
Your hellwing hits the orc warrior.
You can no longer pass through a line of other dancers.
Your system partially rejects the healing.
You feel much better.
The orc warrior unwields a +0 arbalest.
The orc warrior hits your hellwing but does no damage.
The orc warrior hits you from afar with a +0 halberd!
Your hellwing closely misses the orc warrior. x2
Your system partially rejects the healing.
You feel much better.
The orc warrior wields a +0 arbalest.
The orc warrior shoots a bolt.
The bolt hits your hellwing.
Your hellwing hits the orc warrior. Your hellwing hits the orc warrior!
The orc warrior barely misses you.
The orc warrior hits you with a +0 halberd!
Your hellwing hits the orc warrior!
The orc warrior dies!
The orc warrior hits you from afar with a +0 halberd!!
* * * LOW HITPOINT WARNING * * *
The orc warrior shoots a bolt.
The bolt hits you!!
You die...

### #### ##∩##
...o. #.@.# o
.≈≈≈..#...#..≈≈
≈≈o≈≈.o.o.o.≈≈o
≈.oo≈.......≈oo
≈≈o≈≈.......≈≈o≈
.≈≈≈4.#...#..≈≈≈
...).##...##....
##### ##∩## ####
##


You could see an orc knight, 5 orc warriors, an orc (strong) and a friendly
hellwing (summoned).

Vanquished Creatures
  Sigmund (D:3)
  Menkaure (D:6)
  2 orc warriors
  A water moccasin (D:6)
  2 sky beasts (D:7)
  An ice beast (D:3)
  A necrophage (D:4)
  2 ogres
  A centaur (D:6)
  2 phantoms
  2 bullfrogs
  A gnoll sergeant (D:6)
  A scorpion (D:6)
  3 wights
  A howler monkey (D:7)
  A bullfrog zombie (D:5)
  2 hounds
  2 orc priests (D:4)
  3 jellies
  Jessica (D:3)
  5 worker ants
  2 iguanas
  8 orc wizards
  A hound zombie (D:7)
  2 hound skeletons
  A worker ant zombie (D:6)
  12 gnolls
  3 adders
  A shadow imp (D:6)
  2 white imps
  An ufetubus (D:5)
  An adder skeleton (D:5)
  3 worms
  A dart slug (D:1)
  5 leopard geckos
  30 orcs
  A ball python (D:1)
  5 giant cockroaches
  9 goblins
  10 hobgoblins
  7 jackals
  A quokka (D:2)
  A ball python skeleton (D:4)
  9 bats
  7 frilled lizards
  11 kobolds
  A leopard gecko skeleton (D:4)
  A quokka skeleton (D:7)
  8 rats
180 creatures vanquished.

Vanquished Creatures (collateral kills)
  2 orc warriors
  2 orcs (D:6)
4 creatures vanquished.

Grand Total: 184 creatures vanquished

Notes
Turn   | Place    | Note
-------+----------+-------------------------------------------
     0 | D:1      | rageheart7 the Demonspawn Wanderer began the quest for the
                  | Orb.
     0 | D:1      | rageheart7 set off with the following items: a +0 falchion,
                  | a tin of tremorstones (2/2), a +0 robe; and the following
                  | spell memorised: Sting; and the following spells available
                  | to memorise: Ignite Poison
     0 | D:1      | Reached XP level 1. HP: 15/15 MP: 2/2
   353 | D:1      | Gained mutation: You have large cloven feet. [demonic
                  | ancestry]
   353 | D:1      | Reached XP level 2. HP: 21/21 MP: 3/3
  1379 | D:2      | Reached skill level 1 in Unarmed Combat
  1379 | D:2      | Gained mutation: You have a pair of small antennae on your
                  | head. [demonic ancestry]
  1379 | D:2      | Reached XP level 3. HP: 5/27 MP: 4/4
  1409 | D:2      | HP: 1/27 [gnoll/+0 spear (3)]
  1418 | D:2      | Reached skill level 2 in Unarmed Combat
  1504 | D:2      | Reached XP level 4. HP: 10/34 MP: 5/5
  2540 | D:2      | Found a blossoming altar of Fedhas.
  2996 | D:3      | Noticed Sigmund
  3149 | D:3      | Killed Sigmund
  3150 | D:3      | Reached skill level 4 in Unarmed Combat
  3150 | D:3      | Gained mutation: You have sharp fingernails. [demonic
                  | ancestry]
  3150 | D:3      | Reached XP level 5. HP: 41/41 MP: 6/6
  3204 | D:3      | Noticed an ice beast
  3626 | D:3      | Found a sacrificial altar of Ru.
  3633 | D:3      | Gained mutation: A weak demonic guardian rushes to your
                  | aid. [demonic ancestry]
  3633 | D:3      | Reached XP level 6. HP: 46/47 MP: 7/7
  3743 | D:3      | Killed an ice beast
  3838 | D:3      | Found a transporter.
  3853 | D:3      | Found a transporter.
  4181 | D:3      | Noticed Jessica
  4184 | D:3      | Killed Jessica
  4334 | D:4      | Reached skill level 5 in Unarmed Combat
  4379 | D:4      | Noticed an orc warrior
  4398 | D:3      | Found an iron altar of Okawaru.
  4877 | D:4      | Found a hazy altar of Hepliaklqana.
  5004 | D:4      | Found a staircase to the Ecumenical Temple.
  5016 | Temple   | Entered the Ecumenical Temple
  5272 | Temple   | Became a worshipper of Uskayaw the Reveller
  5304 | D:4      | Reached * piety under Uskayaw
  5306 | D:4      | Gained mutation: You have very sharp fingernails. [demonic
                  | ancestry]
  5306 | D:4      | Reached XP level 7. HP: 13/53 MP: 1/8
  5312 | D:4      | Reached ** piety under Uskayaw
  5314 | D:4      | Reached *** piety under Uskayaw
  5851 | D:4      | Reached skill level 6 in Unarmed Combat
  6239 | D:4      | Found a shadowy altar of Dithmenos.
  6356 | D:5      | Entered Level 5 of the Dungeon
  6371 | D:5      | Reached skill level 7 in Unarmed Combat
  6372 | D:5      | Reached **** piety under Uskayaw
  6622 | D:5      | Reached XP level 8. HP: 61/61 MP: 9/9
  6933 | D:5      | Gained mutation: Potions are less effective at restoring
                  | your health. [potion of mutation]
  6933 | D:5      | Gained mutation: You are agile. (Dex +2) [potion of
                  | mutation]
  6933 | D:5      | Gained mutation: You are resistant to electric shocks.
                  | (rElec) [potion of mutation]
  7185 | D:5      | Found a snail-covered altar of Cheibriados.
  7424 | D:6      | Reached skill level 8 in Unarmed Combat
  7470 | D:6      | Found a runed translucent door.
  7504 | D:6      | Noticed HendSelp's ghost (novice GnFi)
  7716 | D:6      | Reached skill level 5 in Fighting
  7954 | D:6      | Reached skill level 9 in Unarmed Combat
  8062 | D:6      | Noticed Menkaure
  8068 | D:6      | Killed Menkaure
  8295 | D:6      | Gained mutation: A demonic guardian rushes to your aid.
                  | [demonic ancestry]
  8295 | D:6      | Reached XP level 9. HP: 31/68 MP: 4/10
  8313 | D:6      | Reached ***** piety under Uskayaw
  8713 | D:6      | Found an ornate altar of the Wu Jian Council.
  9019 | D:7      | Reached skill level 10 in Unarmed Combat
  9123 | D:7      | Found a flagged portal.
  9140 | Bailey   | Entered a bailey
  9140 | Bailey   | Noticed an orc knight
  9150 | Bailey   | Shot with a bolt by an orc warrior

Illustrated notes

Levels and vault maps discovered:
D:1:      doesnt_arrival_eight_statues, layout_basic, minmay_box_of_dots
D:2:      layout_basic, lemuel_round_altar
D:3:      gammafunk_steamed_eel, layout_loops_ring,
          nicolae_overflow_hidden_temple, nicolae_ru_great_annihilating_truth,
          uniq_jessica, uniq_sigmund
D:4:      layout_basic, grunt_dithmenos_shadows, nzn_hepliaklqana_mist_gate,
          minmay_temple_entry_glassed_door, grunt_decor_resistance,
          grunt_ministairs_5
D:5:      layout_gridville, kennysheep_mini, hangedman_decor_clover_reticule
D:6:      layout_gridville, lemuel_doored_altar, ebering_ghost_sewer_d,
          uniq_menkaure
D:7:      layout_basic, enter_bailey_2, serial_rivers,
          chequers_serial_rivers_room_a, chequers_serial_rivers_room_b,
          chequers_serial_rivers_large_b, chequers_serial_rivers_small_3,
          uniq_pikel, uniq_harold, uniq_prince_ribbit1
Temple:   compressed_dpeg_triangle_lava_temple
Bailey:   bailey_polearm_4, bailey

Skill      XL: |  1  2  3  4  5  6  7  8  9 |
---------------+----------------------------+-----
Unarmed Combat | 1 2 4 5 7 9 10 | 10.6
Fighting       | 2 3 4 5 |  5.5
Long Blades    | |  1.7
Spellcasting   | |  1.2
Transmutations | |  1.7
Poison Magic   | |  2.4
Evocations     | |  2.0

Action                   |  1- 3 |  4- 6 |  7- 9 || total
-------------------------+-------+-------+-------++-------
Melee: Falchion          |    15 |       |       ||    15
       Unarmed           |    59 |   168 |   288 ||   515
       Kick              |    14 |    34 |   102 ||   150
       Punch             |       |     1 |     5 ||     6
 Cast: Sting             |     8 |     2 |       ||    10
  Use: Potion            |     5 |     4 |     5 ||    14
       Scroll            |       |    12 |     4 ||    16
 Stab: Paralysed         |       |     1 |     9 ||    10
       Distracted        |       |     1 |       ||     1
Armor: Robe              |    12 |     7 |       ||    19
       Skin              |    20 |       |       ||    20
       Scale mail        |       |    40 |    76 ||   116
       Plate armour      |       |       |    45 ||    45
Dodge: Dodged            |    26 |    90 |   114 ||   230
       Rpst.: Falchion   |     2 |       |       ||     2

Table legend: (Time is in decaauts)
 A = Elapsed time spent in this place.
 B = Non-inter-level travel time spent in this place.
 C = Inter-level travel time spent in this place.
 D = Time resting spent in this place.
 E = Time spent auto-exploring this place.
 F = Levels seen in this place.
 G = Mean time per level.
                   A        B        C        D        E       F      G
               +--------+--------+--------+--------+--------+-----+--------+
         Total |   9118 |   8836 |    282 |   3232 |   4246 |   9 | 1013.1 |
       Dungeon |   8836 |   8568 |    268 |   3232 |   3995 |   7 | 1262.3 |
        Temple |    271 |    257 |     14 |      0 |    251 |   1 |  271.0 |
        Bailey |      9 |      9 |      0 |      0 |      0 |   1 |    9.0 |
               +--------+--------+--------+--------+--------+-----+--------+

Top non-repeatable levels by time:
     D:2: 2236 daAuts
     D:4: 1770 daAuts
     D:6: 1533 daAuts
     D:1: 1198 daAuts
     D:5: 1083 daAuts
     D:3: 881 daAuts
  Temple: 271 daAuts
     D:7: 132 daAuts
  Bailey: 9 daAuts
